 Dungeon Crawl Stone Soup version 0.28-a0-312-gbced6e68ee (webtiles) character file.

Game seed: 1508285428897260801

93 PentaManta the Chopper (level 4, 0/38 HPs)
             Began as a Ghoul Monk on Aug 31, 2021.
             Slain by a gnoll (5 damage)
             ... on level 2 of the Dungeon.
             The game lasted 00:04:42 (2079 turns).

PentaManta the Chopper (Ghoul Monk)                 Turns: 2079, Time: 00:04:43

Health: 0/38       AC:  6    Str: 15    XL:     4   Next: 61%
Magic:  3/3        EV:  9    Int:  5    God:
Gold:   88         SH:  0    Dex: 11    Spells: 3/3 levels left

rFire   . . .      SeeInvis .   a - +0 hand axe
rCold   + . .      Faith    .   (no shield)
rNeg    + + +      Spirit   .   d - +0 scale mail
rPois   ∞          Reflect  .   (no helmet)
rElec   .          Harm     .   (no cloak)
rCorr   .          Rampage  .   (no gloves)
Will    .....                   (no boots)
Stlth   ..........              (no amulet)
HPRegen 0.00/turn               (no ring)
MPRegen 0.08/turn               (no ring)

@: inhibited regen
A: claws 1, cold resistance 1, negative energy resistance 3, inhibited
regeneration, torment resistance 2
a: no special abilities


You were on level 2 of the Dungeon.
You visited 1 branch of the dungeon, and saw 3 of its levels.

You collected 88 gold pieces.

Inventory:

Hand Weapons
 a - a +0 hand axe (weapon)
 f - a +0 dagger
 n - a +0 flail
Missiles
 e - 39 poisoned darts
 o - 4 boomerangs (quivered)
Armour
 b - a +0 robe
 d - a +0 scale mail (worn)
 i - a +0 chain mail
Jewellery
 h - a +6 ring of dexterity
Scrolls
 c - a scroll of vulnerability {unknown}
 k - a scroll of acquirement {unknown}
 m - a scroll of teleportation {unknown}
 p - a scroll of amnesia {unknown}
Potions
 g - 2 potions of degeneration {unknown}
 j - a potion of flight {unknown}
 l - a potion of resistance {unknown}


   Skills:
 - Level 3.2 Fighting
 + Level 4.7 Axes
 - Level 2.6 Dodging
 - Level 2.1 Stealth


You had 3 spell levels left.
You didn't know any spells.
Your spell library contained the following spells:

 Spells                   Type           Power      Damage    Failure   Level
 Corona                   Hex            0%         N/A       92%         1
 Ensorcelled Hibernation  Hex/Ice        0%         N/A       98%         2
 Tukima's Dance           Hex            0%         N/A       100%        3


Dungeon Overview and Level Annotations

Branches:
Dungeon (3/15)

Altars:
Ignis

Shops:
D:1 =


Innate Abilities, Weirdness & Mutations

You thrive by killing the living.
You are immune to poison.
You have sharp fingernails.
Your flesh is cold resistant. (rC+)
You are immune to negative energy. (rN+++)
You do not regenerate when monsters are visible.
You are immune to unholy pain and torment.


Message History

The adder misses you.
You miss the adder.
The adder is severely wounded.
The adder bites you but does no damage. x2
You hit the adder.
You kill the adder!
No target in view!
No target in view!
You see here an adder corpse.
A gnoll comes into view. It is wielding a +0 flail.
Found a stone staircase leading down.
The gnoll shouts!
You hear a shout! x3
A gnoll comes into view. It is wielding a +0 spear.
There are monsters nearby!
There are monsters nearby!
A gnoll comes into view. It is wielding a +0 spear.
The gnoll shouts!
A gnoll comes into view. It is wielding a +0 flail.
The gnoll hits you but does no damage.
Unknown command.
You see here a +0 short sword.
Things that are here:
a +0 dagger; a goblin corpse
There is a stone staircase leading up here.
The gnoll closely misses you.
You climb upwards.
There is a stone staircase leading down here.
You barely miss the gnoll. The gnoll hits you with a +0 flail!
You closely miss the gnoll. The gnoll hits you with a +0 flail!
You hit the gnoll but do no damage. The gnoll hits you with a +0 flail.
You are too injured to fight recklessly!
You are too injured to fight recklessly!
You hit the gnoll.
The gnoll is moderately wounded.
The gnoll hits you with a +0 flail!
* * * LOW HITPOINT WARNING * * *
You hit the gnoll.
The gnoll is heavily wounded.
The gnoll hits you with a +0 flail.
You die...

#.##.#.#.#.......##
#.##..###.....##...
###....## ##.#..#####
#.(.....###.....###..
#.#####..#.#.....##.#
#.#####.#.##..<..##.#
#.##......##.....##.#
#.##g##.####.....##.#
#.##@##.# #.....##..
#..>....# ##########
####.#### #.# #.#####
#.....###########
#####....<......##
###########... ####


You could see a gnoll.

Vanquished Creatures
  4 adders
  A worm (D:2)
  An orc (D:3)
  2 endoplasms (D:2)
  7 giant cockroaches
  7 goblins
  6 hobgoblins
  6 jackals
  2 kobolds (D:1)
  A ball python (D:1)
  5 bats
  A frilled lizard (D:1)
  6 rats
49 creatures vanquished.

Notes
Turn   | Place    | Note
-------+----------+-------------------------------------------
     0 | D:1      | PentaManta the Ghoul Monk began the quest for the Orb.
     0 | D:1      | Reached XP level 1. HP: 19/19 MP: 0/0
   201 | D:1      | Reached skill level 3 in Axes
   258 | D:1      | Reached XP level 2. HP: 26/26 MP: 1/1
   280 | D:1      | Found Adilas's Jewellery Boutique.
   763 | D:1      | Reached XP level 3. HP: 31/31 MP: 2/2
  1074 | D:2      | Reached skill level 4 in Axes
  1302 | D:2      | Found a candlelit altar of Ignis.
  1362 | D:2      | Reached XP level 4. HP: 34/38 MP: 3/3
  1547 | D:2      | Found a faded altar of an unknown god.
  2079 | D:2      | Slain by a gnoll

Illustrated notes

Levels and vault maps discovered:
D:1:      sevenhm_arrival_forest_fort_large_4, layout_basic, serial_shops, shop,
          feat_on_display
D:2:      layout_loops_cross, ebering_ecumenical_altar_box, basic_altar,
          minmay_bisected
D:3:      layout_basic, nicolae_dithmenos_the_darkroom, serial_shops,
          nicolae_shop_stone, minmay_increasing_density

Skill      XL: |  1  2  3 |
---------------+----------+-----
Axes           | 3 4 |  4.7
Fighting       | |  3.2
Dodging        | |  2.6
Stealth        | |  2.1

Action                   |  1- 3 |  4- 6 || total
-------------------------+-------+-------++-------
Melee: Hand axe          |   131 |    59 ||   190
Throw: Boomerang         |       |     2 ||     2
 Stab: Sleeping          |     1 |       ||     1
Armor: Robe              |     8 |       ||     8
       Scale mail        |    59 |    29 ||    88
Dodge: Dodged            |    79 |    38 ||   117

Table legend: (Time is in decaauts)
 A = Elapsed time spent in this place.
 B = Non-inter-level travel time spent in this place.
 C = Inter-level travel time spent in this place.
 D = Time resting spent in this place.
 E = Time spent auto-exploring this place.
 F = Levels seen in this place.
 G = Mean time per level.
                   A        B        C        D        E       F      G
               +--------+--------+--------+--------+--------+-----+--------+
         Total |   2100 |   2071 |     29 |     77 |   1464 |   3 |  700.0 |
       Dungeon |   2100 |   2071 |     29 |     77 |   1464 |   3 |  700.0 |
               +--------+--------+--------+--------+--------+-----+--------+

Top non-repeatable levels by time:
     D:1: 944 daAuts
     D:2: 911 daAuts
     D:3: 244 daAuts
